AoeStats
← [Massa] Edo

Arena

507378808Analyzed
2v2 RM · 13d ago on Sep 18, 2026· 44m 41s· 4 players
Game mode
Random Map
Map size
Medium (4 player)
Population
200
Speed
Normal
Resources
Standard
Victory
Conquest
Starting age
Dark Age
Ending age
Imperial Age
RankedLock teamsTeams togetherTeam positionsShared explorationLock speedFull tech treeHidden civsTurbo modeCheats
Victory
Defeat
🇧🇷 Tupi · Brazil
1550
+14
🇲🇽 Magyars · Mexico
1482
+16
🇧🇷 Italians · Brazil
1511
-16
🇧🇷 Cumans · Brazil
1475
-14
[Massa] Edo
9:36 Feudal Age
9:44 Loom
13:40 Castle Age
11:56 Double-Bit Axe
28:43 Wheelbarrow
29:50 Fletching
33:40 Imperial Age
32:34 Bodkin Arrow
33:45 Ballistics
35:11 Bracer
35:23 Padded Archer Armor
38:14 Chemistry
37:50 Leather Archer Armor
38:25 Bow Saw
37:58 Horse Collar
41:12 Conscription
43:35 Two-Man Saw
42:37 Heavy Plow
42:32 Gold Mining
44:29 Ring Archer Armor
44:16 Hand Cart
tg
6:34 Loom
9:11 Feudal Age
10:46 Horse Collar
10:51 Double-Bit Axe
17:20 Wheelbarrow
20:58 Castle Age
18:57 Gold Mining
20:13 Bloodlines
20:09 Scale Barding Armor
20:35 Forging
22:05 Chain Barding Armor
22:51 Bow Saw
22:45 Heavy Plow
22:59 Bow Saw
23:28 Iron Casting
24:30 Hand Cart
25:45 Coinage
25:27 Stone Mining
26:13 Gold Shaft Mining
30:45 Imperial Age
29:50 Fletching
30:51 Cavalier
32:27 Plate Barding Armor
32:43 Paladin
33:42 Town Watch
34:58 Two-Man Saw
36:04 Crop Rotation
37:02 Blast Furnace
38:01 Masonry
38:59 Murder Holes
39:21 Bodkin Arrow
39:48 Conscription
41:38 Scale Mail Armor
40:59 Pikeman
41:39 Squires
43:47 Chain Mail Armor
Marvin Saturnino
6:11 Loom
8:41 Feudal Age
12:28 Fletching
16:08 Town Watch
22:33 Castle Age
20:57 Double-Bit Axe
22:14 Stone Mining
23:14 Bodkin Arrow
24:13 Crossbowman
33:55 Imperial Age
34:23 Ballistics
34:14 Murder Holes
34:45 Bracer
39:08 Bow Saw
38:51 Arbalester
39:58 Padded Archer Armor
41:22 Leather Archer Armor
41:43 Ballistics
43:53 Chemistry
42:41 Horse Collar
45:01 Wheelbarrow
45:06 Ring Archer Armor
44:00 Capped Ram
GAX | ERV
11:07 Feudal Age
12:21 Double-Bit Axe
15:06 Castle Age
13:12 Double-Bit Axe
13:13 Horse Collar
15:32 Scale Barding Armor
18:05 Wheelbarrow
18:02 Bow Saw
23:37 Chain Barding Armor
24:26 Bloodlines
24:42 Gold Mining
25:04 Husbandry
26:05 Hand Cart
27:23 Gold Shaft Mining
28:26 Loom
29:22 Stone Mining
33:51 Imperial Age
32:50 Heavy Plow
35:11 Plate Barding Armor
33:57 Cavalier
35:48 Two-Man Saw
35:19 Crop Rotation
35:28 Paladin
37:55 Coinage
40:24 Conscription
40:05 Corvinian Army
39:26 Elite Magyar Huszar
42:03 Banking
Connection lost

Rejoining the realm…

Still unreachable

The connection could not be restored.

Session expired

The server has moved on; the page needs a fresh start.